Map: Eastwatch LE

Players

Neeb

  • Race: Protoss Protoss
  • Spawn Location: 1:00

ShoWTimE - Winner!

  • Race: Protoss Protoss
  • Spawn Location: 7:00

Event: WCS Leipzig 2018

VOD

Have the link to the VOD?

Description

Time

  • Played on: Jan. 28, 2018, 6:04 a.m.
  • Length: 10:18

All games in this series

Show
View Real Time Build Order
Export as new Build Order

Neeb Protoss 

Build Orders: Blink Stalkers 

Get SALT Encoding   

  12  0:00  Probe  
  13  0:12  Probe  
  14  0:18  Pylon  
  14  0:24  Probe (Chrono Boost)  
  15  0:37  Probe (Chrono Boost)  
  15  0:39  Gateway  
  16  0:45  Probe (Chrono Boost)  
  16  0:48  Assimilator  
  17  0:51  Probe  
  17  0:54  Assimilator  
  18  1:03  Probe (Chrono Boost)  
  19  1:07  Gateway  
  19  1:12  Probe (Chrono Boost)  
  19  1:17  Probe (Chrono Boost)  
  21  1:26  Cybernetics Core  
  21  1:29  Probe  
  22  1:35  Pylon  
  22  1:41  Probe  
  23  1:53  Probe  
  24  2:04  Warp Gate  
  24  2:05  Adept  
  24  2:06  Adept  
  28  2:12  Probe  
  28  2:13  Pylon  
  29  2:26  Pylon  
  29  2:32  Stalker  
  29  2:33  Stalker  
  33  2:48  Twilight Council  
  33  2:49  Probe  
  34  3:02  Stalker  
  34  3:03  Stalker  
  38  3:18  Nexus  
  38  3:22  Blink (Chrono Boost)  
  39  3:37  Probe, Pylon  
  39  3:55  Probe  
  40  4:06  Nexus  
  40  4:07  Probe  
  41  4:19  Probe  
  42  4:24  Robotics Facility  
  42  4:31  Probe  
  43  4:35  Probe  
  43  4:36  Stalker  
  44  4:42  Stalker  
  44  4:45  Probe  
  47  4:48  Probe  
  46  4:57  Probe  
  46  4:59  Charge (Chrono Boost)  
  47  5:00  Probe, Stalker  
  50  5:07  Stalker  
  50  5:09  Probe  
  50  5:11  Observer (Chrono Boost)  
  50  5:13  Probe  
  55  5:27  Gateway  
  55  5:28  Gateway  
  54  5:32  Gateway  
  54  5:39  Probe x3  
  57  5:47  Gateway  
  57  5:50  Gateway  
  57  5:52  Probe  
  57  5:53  Probe  
  57  5:54  Probe  
  60  6:00  Pylon  
  60  6:03  Gateway  
  60  6:04  Sentry x2  
  60  6:08  Probe x2  
  60  6:09  Probe  
  61  6:20  Probe x2 (Chrono Boost)  
  61  6:24  Probe (Chrono Boost), Stalker  
  66  6:32  Probe x2 (Chrono Boost)  
  68  6:36  Immortal (Chrono Boost)  
  68  6:39  Probe (Chrono Boost)  
  75  6:40  Probe x2 (Chrono Boost)  
  75  6:44  Pylon  
  75  6:45  Stalker x2  
  75  6:47  Stalker x2  
  82  7:00  Pylon  
  82  7:03  Pylon  
  82  7:07  Zealot x5  
  92  7:11  Pylon  
  92  7:13  Pylon  
  92  7:15  Assimilator  
  92  7:16  Assimilator  
  92  7:19  Templar Archives  
  92  7:31  Stalker x2  
  94  7:41  Warp Prism  
  94  7:42  Probe x3  
  94  7:54  Probe x2 (Chrono Boost)  
  94  7:55  Probe (Chrono Boost)  
  94  7:57  Forge  
  94  7:58  Forge  
  97  8:01  High Templar x2  
  97  8:02  Zealot x3  
  109  8:06  Probe x2 (Chrono Boost), Pylon  
  109  8:07  Archon  
  109  8:09  Zealot x2  
  109  8:12  Probe (Chrono Boost)  
  114  8:15  Zealot  
  114  8:16  Probe x2 (Chrono Boost)  
  114  8:19  Probe  
  119  8:20  Protoss Ground Weapons Level 1 (Chrono Boost), Protoss Ground Armor Level 1 (Chrono Boost)  
  119  8:26  Probe  
  120  8:27  Probe  
  120  8:31  Probe  
  122  8:44  Probe x2  
  124  8:49  High Templar x2  
  124  8:50  Probe  
  124  8:55  Nexus  
  129  8:56  Pylon  
  129  9:01  Immortal (Chrono Boost)  
  127  9:04  Archon  
  127  9:05  Pylon  
  131  9:13  Probe x2, Assimilator  
  131  9:14  Assimilator  
  134  9:19  Pylon x2  
  134  9:20  High Templar  
  134  9:21  Zealot x3  
  140  9:25  High Templar, Zealot, Pylon x2  
  140  9:26  Zealot x2  
  140  9:29  Archon  
  148  9:35  Probe x2  
  147  9:49  High Templar x2  
  147  9:52  Stalker  
  152  9:53  Zealot x4, Archon  
  150  10:05  Zealot  
Show
View Real Time Build Order
Export as new Build Order

ShoWTimE Protoss - Winner!

Build Orders: Phoenix Opening, Archon Immortal, Zealot Archon 

Get SALT Encoding   

  12  0:00  Probe  
  13  0:12  Probe  
  14  0:17  Pylon  
  14  0:24  Probe (Chrono Boost)  
  15  0:36  Probe (Chrono Boost)  
  15  0:38  Gateway  
  16  0:45  Probe (Chrono Boost)  
  16  0:46  Assimilator  
  17  0:51  Probe (Chrono Boost)  
  17  0:55  Assimilator  
  18  1:03  Probe (Chrono Boost)  
  19  1:08  Gateway  
  19  1:12  Probe (Chrono Boost)  
  19  1:18  Probe  
  21  1:26  Cybernetics Core  
  21  1:30  Probe  
  22  1:36  Pylon  
  22  1:42  Probe  
  23  1:54  Probe  
  24  2:02  Stalker, Sentry, Warp Gate  
  28  2:12  Pylon  
  28  2:26  Pylon  
  28  2:31  Stargate  
  28  2:49  Nexus  
  28  2:58  Stalker  
  30  3:04  Stalker  
  32  3:14  Shield Battery  
  32  3:19  Phoenix (Chrono Boost)  
  32  3:24  Probe  
  35  3:30  Shield Battery  
  35  3:36  Probe  
  35  3:37  Shield Battery  
  36  3:45  Phoenix  
  38  3:50  Pylon  
  38  3:52  Probe  
  39  4:01  Robotics Facility  
  39  4:05  Probe (Chrono Boost)  
  39  4:08  Probe (Chrono Boost)  
  42  4:17  Probe (Chrono Boost)  
  42  4:20  Probe (Chrono Boost)  
  43  4:24  Probe (Chrono Boost)  
  43  4:25  Probe (Chrono Boost)  
  43  4:28  Phoenix (Chrono Boost)  
  47  4:31  Probe  
  47  4:34  Probe  
  49  4:43  Probe  
  50  4:46  Probe  
  50  4:47  Phoenix (Chrono Boost)  
  50  4:49  Observer  
  54  4:55  Probe, Forge  
  54  4:59  Probe (Chrono Boost)  
  56  5:06  Pylon  
  56  5:07  Probe (Chrono Boost)  
  56  5:11  Phoenix  
  60  5:16  Probe (Chrono Boost)  
  60  5:17  Probe (Chrono Boost)  
  59  5:22  Probe x2 (Chrono Boost)  
  59  5:27  Twilight Council, Protoss Ground Weapons Level 1 (Chrono Boost)  
  61  5:32  Assimilator  
  61  5:34  Probe  
  61  5:35  Assimilator  
  62  5:36  Adept  
  62  5:40  Adept  
  66  5:49  Gateway x2  
  66  5:53  Pylon  
  66  5:55  Immortal (Chrono Boost)  
  70  6:16  Gateway  
  70  6:17  Gateway  
  70  6:21  Gateway  
  70  6:25  Gateway  
  70  6:28  Immortal  
  70  6:32  Pylon  
  74  6:33  Charge  
  74  6:43  Templar Archives  
  74  6:45  Pylon  
  74  7:00  Pylon  
  74  7:06  Protoss Ground Weapons Level 2 (Chrono Boost)  
  74  7:08  Zealot x4  
  76  7:12  Immortal  
  86  7:27  Nexus  
  86  7:30  High Templar x2  
  86  7:35  Archon  
  90  7:38  Zealot x3  
  90  7:39  Zealot  
  94  7:55  Pylon  
  94  7:56  High Templar x2, Pylon  
  98  8:00  Archon  
  98  8:03  Pylon  
  98  8:05  Zealot x2  
  102  8:13  Immortal (Chrono Boost)  
  102  8:17  Zealot x2  
  102  8:19  Zealot  
  112  8:31  Pylon  
  112  8:33  High Templar x2  
  116  8:38  Archon  
  116  8:40  Probe x3  
  119  8:42  Pylon  
  119  8:49  Warp Prism (Chrono Boost)  
  121  9:02  High Templar x2  
  123  9:03  Zealot x4  
  123  9:05  Archon  
  131  9:10  Pylon  
  131  9:16  Observer (Chrono Boost)  
  132  9:22  Zealot  
  132  9:23  Zealot x2  
  138  9:27  Zealot x3  
  144  9:33  Pylon  
  144  9:42  High Templar x2  
  148  9:46  Zealot x3  
  148  9:47  Zealot x2, Archon  
  148  9:49  Zealot  
  120  10:10  Zealot x6  
Tags
 
Add a new tag
Caveats
  • Supply blocks, unpowered buildings, or Contaminate may cause inaccurate times.
  • Supply counts are checked every 10 seconds.